 Dungeon Crawl Stone Soup version 0.24-a0-521-g122614bf49 (webtiles) character file.

Game seed: 17110009962098707135

141 Mithandil the Skirmisher (level 5, -4/47 HPs)
             Began as a Hill Orc Fighter on July 29, 2019.
             Killed from afar by Sigmund (10 damage)
             ... with a magic dart
             ... on level 3 of the Dungeon.
             The game lasted 00:12:57 (2758 turns).

Mithandil the Skirmisher (Hill Orc Fighter)         Turns: 2758, Time: 00:12:58

Health: -4/47      AC: 12    Str: 20    XL:     5   Next: 24%
Magic:  5/5        EV:  8    Int:  8    God:
Gold:   140        SH:  9    Dex: 10    Spells: 4/4 levels left

rFire    . . .     SeeInvis .   a - +0 war axe
rCold    . . .     Gourm    .   c - +0 shield
rNeg     . . .     Faith    .   b - +0 scale mail
rPois    .         Spirit   .   p - +1 helmet
rElec    .         Reflect  .   (no cloak)
rCorr    .         Harm     .   (no gloves)
MR       .....                  h - +2 pair of boots
Stlth    ..........             (no amulet)
HPRegen  0.15/turn              (no ring)
MPRegen  0.09/turn              (no ring)

@: no status effects
A: no striking features
a: no special abilities


You were on level 3 of the Dungeon.
You were very hungry.

You visited 1 branch of the dungeon, and saw 5 of its levels.

You collected 140 gold pieces.

Inventory:

Hand Weapons
 a - a +0 war axe (weapon)
 n - a +0 short sword of venom
 v - a +0 long sword
 w - a cursed -3 dagger
Missiles
 e - 65 stones (quivered)
 m - 19 bolts
 o - 22 arrows
Armour
 b - a +0 scale mail (worn)
 c - a +0 shield (worn)
 h - a +2 pair of boots (worn)
 p - a +1 helmet (worn)
 u - a +2 robe of magic resistance
Jewellery
 r - a cursed amulet of inaccuracy {unknown}
 t - an uncursed amulet of guardian spirit {unknown}
Wands
 q - a wand of random effects (17)
Scrolls
 g - 2 scrolls of fog
 l - 5 scrolls of teleportation
Potions
 d - a potion of might
 i - 2 potions of curing {unknown}
 j - 3 potions of flight {unknown}
 k - 2 potions of ambrosia {unknown}
 s - a potion of berserk rage {unknown}
 x - a potion of brilliance {unknown}
 z - a potion of resistance {unknown}
Comestibles
 f - 4 rations


   Skills:
 * Level 4.5 Fighting
 * Level 4.2 Axes
 + Level 3.8 Armour
 + Level 1.1 Dodging
 * Level 4.2 Shields


You had 4 spell levels left.
You didn't know any spells.
Your spell library was empty.

Dungeon Overview and Level Annotations

Branches:
Dungeon (5/15)
 Temple: D:4-7

Altars:
Kikubaaqudgha
Okawaru

Annotations:
D:3 Sigmund, Terence


Message History

You see here a +2 robe of magic resistance.
u - a +2 robe of magic resistance Sigmund casts a spell at you.
You resist with some effort.
Things that are here:
a +0 hunting sling; 8 stones You see here a hobgoblin corpse.
Items here: ( )))) [[ ††††††
Things that are here:
a stone; a goblin corpse You block Sigmund's attack.
Sigmund casts a spell.
Sigmund flickers and vanishes!
Deactivating autopickup; reactivate with Ctrl-A.
A puff of flame appears from out of thin air!
The puff of flame hits you.
* * * LOW HITPOINT WARNING * * *
A magic dart appears from out of thin air!
The magic dart hits you!
You die...

#.....#)# #.#
#.....#(# ###
#.....#.# ##8##
#.....#.## ##8...8
'.....#..#####.....
.. ##.##.#>.....
....##..#.##.....
#.......##8...8
#..##.@## #8##
##+#. .....
##.######### ....b.
####.###..#^......
..>...
#................
.l.l..
#.#.####.........
...@.. ##........
###... #........ .
.. #..##'### . #
#..##.#


There were no monsters in sight!

Vanquished Creatures
  Jessica (D:3)
  An iguana (D:4)
  Robin (D:3)
  An adder (D:4)
  A worm (D:3)
  2 dart slugs
  5 leopard geckos
  4 giant cockroaches
  10 goblins
  8 hobgoblins
  4 jackals (D:3)
  2 quokkas
  A ball python (D:2)
  7 bats
  2 frilled lizards
  3 kobolds
  3 rats
56 creatures vanquished.

Notes
Turn   | Place    | Note
-------+----------+-------------------------------------------
     0 | D:1      | Mithandil the Hill Orc Fighter began the quest for the Orb.
     0 | D:1      | Reached XP level 1. HP: 19/19 MP: 1/1
   688 | D:2      | Reached XP level 2. HP: 27/27 MP: 2/2
  1092 | D:2      | Reached XP level 3. HP: 22/33 MP: 3/3
  2072 | D:3      | Found an iron altar of Okawaru.
  2110 | D:3      | Noticed Sigmund
  2302 | D:3      | Noticed Terence
  2302 | D:3      | Noticed Robin
  2374 | D:4      | Reached XP level 4. HP: 35/40 MP: 4/4
  2411 | D:5      | Entered Level 5 of the Dungeon
  2480 | D:3      | Found an ancient bone altar of Kikubaaqudgha.
  2620 | D:3      | Killed Robin
  2620 | D:3      | Reached skill level 1 in Dodging
  2663 | D:3      | Noticed Jessica
  2714 | D:3      | Reached XP level 5. HP: 28/47 MP: 5/5
  2735 | D:3      | Killed Jessica
  2758 | D:3      | Killed from afar by Sigmund

Levels and vault maps discovered:
D:1:      evilmike_arrival_hilbert_curve, layout_basic, serial_bayou_crossing
D:2:      layout_basic
D:3:      layout_basic, okawaru_trees_2, nicolae_overflow_hidden_temple,
          lemuel_doored_altar, uniq_terence, uniq_robin, uniq_jessica,
          uniq_sigmund
D:4:      layout_loops_ring, kennysheep_mini, serial_shops, shop,
          chequers_serial_rivers_large_a, item_on_display_a
D:5:      layout_rooms, lemuel_round_altar, kennysheep_little_box,
          minmay_overflow_temple_star_quad, first_ration, serial_shops,
          nicolae_shop_overgrown_old_shop, serial_park_tiny_pond, uniq_ijyb,
          uniq_menkaure, uniq_edmund

Skill      XL: |  1  2  3  4 |
---------------+-------------+-----
Axes           | 3 4 |  4.2
Fighting       | 4 |  4.5
Shields        | 4 |  4.2
Dodging        | 1 |  1.1
Armour         | |  3.8

Action                   |  1- 3 |  4- 6 || total
-------------------------+-------+-------++-------
Melee: War axe           |   140 |    99 ||   239
  Use: Scroll            |     6 |       ||     6
  Eat: Chunk             |     5 |       ||     5
Armor: Scale mail        |    85 |    62 ||   147
Dodge: Dodged            |    47 |    33 ||    80
Block: Shield            |    88 |    53 ||   141

Table legend:
 A = Non-vault XP
 B = Vault XP
 C = Vault XP percentage of total XP
 D = Non-vault monster count
 E = Vault monster count
 F = Vault count percentage of total count
                 A         B        C        D         E       F
            +---------+---------+-------+---------+---------+-------
      Total |     130 |      72 |  35.6 |      44 |      12 |  21.4
            +---------+---------+-------+---------+---------+-------
        D:1 |       9 |       0 |   0.0 |       5 |       0 |   0.0
        D:2 |      32 |       0 |   0.0 |      16 |       0 |   0.0
        D:3 |      39 |      72 |  64.9 |      20 |      12 |  37.5
        D:4 |      50 |       0 |   0.0 |       3 |       0 |   0.0
            +---------+---------+-------+---------+---------+-------
